 Dungeon Crawl Stone Soup version 0.28.0 (webtiles) character file.

Game seed: 16067154817013003805

14 JitterGlitch the Chiller (level 2, 0/19 HPs)
             Began as a Merfolk Ice Elementalist on Feb 2, 2022.
             Slain by a ball python (2 damage)
             ... on level 2 of the Dungeon on Feb 11, 2022.
             The game lasted 00:06:18 (399 turns).

JitterGlitch the Chiller (Merfolk Ice Elementalist)  Turns: 399, Time: 00:06:18

Health: 0/19       AC:  3    Str:  8    XL:     2   Next: 41%
Magic:  1/5        EV: 12    Int: 14    God:
Gold:   6          SH:  0    Dex: 14    Spells: 4/5 levels left

rFire   . . .      SeeInvis .   c - +0 club
rCold   . . .      Faith    .   (no shield)
rNeg    . . .      Spirit   .   h - +0 leather armour
rPois   .          Reflect  .   (no helmet)
rElec   .          Harm     .   e - scarf {repulsion}
rCorr   .          Rampage  .   (no gloves)
Will    .....                   (no boots)
Stlth   ++........              (no amulet)
HPRegen 0.06/turn               (no ring)
MPRegen 0.09/turn               (no ring)

@: repel missiles
A: (nimble swimmer 2), mertail
a: no special abilities


You were on level 2 of the Dungeon.
You visited 1 branch of the dungeon, and saw 2 of its levels.

You collected 6 gold pieces.

Inventory:

Hand Weapons
 b - a +0 club
 c - a +0 club (weapon)
 f - a +0 dagger
Missiles
 g - 2 stones
Armour
 a - a +0 robe
 d - a +0 ring mail
 e - a scarf of repulsion (worn)
 h - a +0 leather armour (worn)


   Skills:
 + Level 2.7 Dodging
 + Level 2.3 Stealth
 + Level 2.2 Spellcasting
 + Level 4.8 Ice Magic


You had 4 spell levels left.
You knew the following spells:

 Your Spells              Type           Power      Damage    Failure   Level
a - Freeze                Ice            60%        1d8       4%          1

Your spell library contained the following spells:

 Spells                   Type           Power      Damage    Failure   Level
 Frozen Ramparts          Ice            30%        1d5       14%         3
 Ozocubu's Armour         Ice            15%        N/A       14%         3
 Hailstorm                Conj/Ice       8%         3d4       77%         4


Dungeon Overview and Level Annotations

Branches:
Dungeon (2/15)

Altars:
Wu Jian

Annotations:
D:2 Robin


Innate Abilities, Weirdness & Mutations

((You are very nimble when in or above water. (Stealth+, EV+, Speed+++)))
Your lower body shifts to a powerful aquatic tail in water.


Message History

Aiming: Freeze (safe; 4% risk of failure)
Press: ? - help, Shift-Dir - straight line, f - hobgoblin
Aim: a hobgoblin You freeze the hobgoblin!
You kill the hobgoblin!
Robin roars a battlecry!
The goblins go into a battle-frenzy!
You hear a shout!
Casting: Freeze (safe; 4% risk of failure)
Confirm with . or Enter, or press ? or * to list all spells.
Aiming: Freeze (safe; 4% risk of failure)
Press: ? - help, Shift-Dir - straight line, f - goblin
Aim: a goblin, wielding a +0 club (strong)
You freeze the goblin.
You kill the goblin!
Robin zaps a wand.
The puff of flame hits you!
Ouch! That really hurt!
A kobold comes into view. It is wielding a +0 short sword.
Robin throws the goblin at you! The goblin closely misses you.
A ball python comes into view.
Robin zaps a wand.
The puff of flame misses you. The goblin hits you with a +0 dagger.
* * * LOW HITPOINT WARNING * * *
A goblin comes into view. It is wielding a +2 dagger of venom.
Robin roars a battlecry!
The goblin hits you with a +0 dagger.
* * * LOW HITPOINT WARNING * * *
The ball python hisses angrily.
Casting: Freeze (safe; 4% risk of failure)
Confirm with . or Enter, or press ? or * to list all spells.
Aiming: Freeze (safe; 4% risk of failure)
Press: ? - help, Shift-Dir - straight line, f - kobold
Aim: a kobold, wielding a +0 short sword and wearing an amulet of reflection You freeze the kobold!
You kill the kobold!
A goblin is nearby!
A goblin is nearby!
A ball python is nearby!
The ball python bites you.
You die...

### #<# #.#
#.######
#......#
######.# ###@#
## #gS.# g.
##)#####.#
#$!....g.#
#.g...####
#..._S..g..
[.........#...
....#......#
##
###.##.#####


You could see a goblin (strong) and a ball python.

Vanquished Creatures
  3 ball pythons (D:1)
  A hobgoblin (D:2)
  2 bats
  4 goblins
  2 kobolds
  4 rats (D:1)
16 creatures vanquished.

Vanquished Creatures (others)
  A plant (D:2)
1 creature vanquished.

Grand Total: 17 creatures vanquished

Notes
Turn   | Place    | Note
-------+----------+-------------------------------------------
     0 | D:1      | JitterGlitch the Merfolk Ice Elementalist began the quest
                  | for the Orb.
     0 | D:1      | Reached XP level 1. HP: 13/13 MP: 3/3
    48 | D:1      | Upgraded the game from 0.28-b1-25-g9875b3fc8c to 0.28.0
   190 | D:1      | Reached XP level 2. HP: 16/19 MP: 0/5
   381 | D:2      | Found an ornate altar of the Wu Jian Council.
   389 | D:2      | Noticed Robin
   399 | D:2      | Slain by a ball python

Illustrated notes

Levels and vault maps discovered:
D:1:      lemuel_arrival_rhombus, layout_basic
D:2:      layout_basic, basic_altar, nicolae_ecumenical_oubliette,
          serial_bayou_pond_e, uniq_robin

Action                   || total
-------------------------++-------
Melee: Unarmed           ||     7
 Cast: Freeze            ||    17
Armor: Robe              ||     2
       Leather armour    ||     1
Dodge: Dodged            ||    18
